 Dungeon Crawl Stone Soup version 0.32-a0-616-g9348d4545b (webtiles) character file.

Game seed: 3642128642587698514

107 killozap the Firebug (level 4, 0/35 HPs)
             Began as a Mountain Dwarf Fire Elementalist on Mar 5, 2024.
             Slain by an orc priest
             ... wielding a +0 club
              (2 damage)
             ... on level 3 of the Dungeon.
             The game lasted 00:06:10 (2421 turns).

killozap the Firebug (MDFE)                         Turns: 2421, Time: 00:06:11

Health: 0/35       AC:  4    Str: 13    XL:     4   Next: 56%
Magic:  4/7        EV: 11    Int: 15    God:
Gold:   83         SH:  0    Dex: 16    Spells: 6/7 levels left

rFire   . . .        i - +1 dagger (vamp)
rCold   . . .        (no shield)
rNeg    . . .        u - +0 leather armour
rPois   .            (no helmet)
rElec   .            (no cloak)
rCorr   .            (no gloves)
SInv    .            q - +0 pair of boots
Will    .....        (no amulet)
Stlth   ++           s - +6 ring of dexterity
HPRegen 0.25/turn    (no ring)
MPRegen 0.10/turn

%: no passive effects
@: no status effects
A: runic magic, artefact enchanting
a: Convert to Beogh


You were on level 3 of the Dungeon.
You visited 1 branch of the dungeon, and saw 4 of its levels.

You collected 83 gold pieces.

Inventory:

Hand Weapons
 i - a +1 vampiric dagger (weapon)
Armour
 q - a +0 pair of boots (worn)
 u - a +0 leather armour (worn)
Jewellery
 s - a +6 ring of dexterity (left hand)
Scrolls
 d - 2 scrolls of enchant weapon {unknown}
 f - 3 scrolls of fog {unknown}
 j - 3 scrolls of revelation {unknown}
 k - a scroll of fear {unknown}
 l - 2 scrolls of amnesia {unknown}
 m - a scroll of enchant armour {unknown}
 p - a scroll of butterflies {unknown}
Potions
 b - a potion of magic
 c - a potion of cancellation {unknown}
 g - a potion of mutation {unknown}
 h - a potion of curing {unknown}
 n - a potion of heal wounds {unknown}
 o - a potion of lignification {unknown}
 r - a potion of might {unknown}
 t - a potion of invisibility {unknown}


   Skills:
 + Level 1.5 Fighting
 + Level 1.6 Armour
 - Level 1.3 Dodging
 - Level 1.4 Stealth
 + Level 2.2 Spellcasting
 + Level 1.6 Conjurations
 * Level 4.9 Fire Magic


You had 6 spell levels left.
You knew the following spells:

 Your Spells              Type           Power      Damage    Failure   Level
a - Foxfire               Conj/Fire      44%        2x1d6     6%          1

Your spell library contained the following spells:

 Spells                   Type           Power      Damage    Failure   Level
 Scorch                   Fire           32%        2d6       4%          2
 Kiss of Death            Conj/Necr      16%        2d6       16%         1
 Inner Flame              Hex/Fire       9%         N/A       24%         3
 Volatile Blastmotes      Fire/Tloc      18%        2d11      24%         3
 Flame Wave               Conj/Fire      11%        2d6       50%         4
 Anguish                  Hex/Necr       0%         N/A       92%         4
 Leda's Liquefaction      Alch/Erth      0%         N/A       92%         4


Dungeon Overview and Level Annotations

Branches:
Dungeon (4/15)
 Temple: D:4-7

Altars:
Gozag


Innate Abilities, Weirdness & Mutations

Your spellcasting is much less encumbered by armour.
You can use scrolls of enchantment on lesser artefacts.


Message History

You hit the orc priest but do no damage.
The orc priest is lightly wounded.
The orc priest shouts, "Beogh offers mercy even to people such as you.
Join us and be reborn!"
The orc priest barely misses you.
You hit the orc priest but do no damage.
The orc priest is lightly wounded.
The orc priest hits you but does no damage.
You barely miss the orc priest.
The orc priest is lightly wounded.
The orc priest barely misses you.
You hit the orc priest but do no damage.
The orc priest is lightly wounded.
The orc priest barely misses you.
You hit the orc priest.
The orc priest is moderately wounded.
The orc priest shouts, "Beogh offers mercy even to people such as you.
Join us and be reborn!"
The orc priest hits you with a +0 club.
* * * LOW HITPOINT WARNING * * *
You hit the orc priest but do no damage.
The orc priest shouts, "The Pantheon deserves no one's loyalty.
Let us show you the true path!"
The orc priest is moderately wounded.
The orc priest closely misses you.
You hit the orc priest but do no damage.
The orc priest is lightly wounded.
The orc priest closely misses you.
You hit the orc priest but do no damage.
The orc priest is lightly wounded.
The orc priest hits you with a +0 club.
* * * LOW HITPOINT WARNING * * *
You hit the orc priest but do no damage.
The orc priest is lightly wounded.
The orc priest hits you but does no damage.
The orc priest shouts, "Surrender to Beogh and we'll let you live!"
You hit the orc priest but do no damage.
The orc priest is lightly wounded.
The orc priest closely misses you.
You hit the orc priest but do no damage.
The orc priest is lightly wounded.
The orc priest hits you with a +0 club.
You die...

.........'.......#.#
.........###.....#.#
#.......## #v#.#.#.#
##.....## #ยง###.#.#
##...######.......#
##'###.......#.###
#.# #.#####.#.# #.#
#.#.# ##.## #.o@#
##...##.....).###
##....>#.......#
......##.......#
###..## .......#
#.####.......#
#......[.....#
######....... ###


You could see an orc priest.

Vanquished Creatures
  A hound (D:4)
  2 adders (D:2)
  2 ufetubi (D:3)
  A dart slug (D:2)
  3 orcs (D:3)
  3 endoplasms
  3 giant cockroaches
  3 goblins
  4 hobgoblins
  2 quokkas
  4 ball pythons
  4 bats
  2 frilled lizards (D:1)
  5 kobolds
  4 rats
43 creatures vanquished.

Vanquished Creatures (others)
  114 foxfires
114 creatures vanquished.

Grand Total: 157 creatures vanquished

Notes
Turn   | Place    | Note
-------+----------+-------------------------------------------
     0 | D:1      | killozap the Mountain Dwarf Fire Elementalist began the
                  | quest for the Orb.
     0 | D:1      | Reached XP level 1. HP: 14/14 MP: 3/3
   182 | D:1      | Reached skill level 1 in Conjurations
   345 | D:1      | Reached XP level 2. HP: 22/22 MP: 1/4
   358 | D:1      | Reached skill level 4 in Fire Magic
   590 | D:1      | Found a faded altar of an unknown god.
   811 | D:2      | Reached skill level 1 in Armour
   812 | D:2      | Reached XP level 3. HP: 27/27 MP: 1/6
   963 | D:2      | Reached skill level 1 in Fighting
  1623 | D:2      | You fall into a shaft and drop 2 floors!
  1630 | D:4      | Found an opulent altar of Gozag.
  1751 | D:3      | Noticed a phantom
  1846 | D:4      | Reached XP level 4. HP: 34/35 MP: 3/7
  2034 | D:3      | Got Sif Muna's Disquisition on Necrotic Citrinitas
  2409 | D:3      | HP: 1/35 [orc priest/+0 club (3)]
  2418 | D:3      | HP: 1/35 [orc priest/+0 club (2)]
  2421 | D:3      | Slain by an orc priest

Illustrated notes

Levels and vault maps discovered:
D:1:      psy_arrival_fountain, layout_basic,
          shapermc_ecumenical_altar_starsandcircs, kennysheep_flooded_box
D:2:      layout_basic, nicolae_underground_beach
D:3:      layout_loops_corners, mainiacjoe_overflow_small_starburst,
          chequers_garden, grunt_ministairs_5
D:4:      layout_loops_ring, grunt_gozag_breadcrumbs, amcnicky_altar_gilded

Skill      XL: |  1  2  3 |
---------------+----------+-----
Conjurations   | 1 |  1.6
Fire Magic     | 4 |  4.9
Armour         | 1 |  1.6
Spellcasting   | 2 |  2.2
Fighting       | 1 |  1.5
Dodging        | |  1.3
Stealth        | |  1.4

Action                     |  1- 3 |  4- 6 || total
---------------------------+-------+-------++-------
  Melee: Falchion          |     3 |       ||     3
         Unarmed           |     1 |       ||     1
         Dagger            |    14 |    21 ||    35
   Cast: Foxfire           |    52 |    15 ||    67
 Armour: Robe              |     8 |     1 ||     9
         Leather armour    |       |    12 ||    12
  Dodge: Dodged            |    13 |     8 ||    21

Table legend: (Time is in decaauts)
 A = Elapsed time spent in this place.
 B = Non-inter-level travel time spent in this place.
 C = Inter-level travel time spent in this place.
 D = Time resting spent in this place.
 E = Time spent auto-exploring this place.
 F = Levels seen in this place.
 G = Mean time per level.
                   A        B        C        D        E       F      G
               +--------+--------+--------+--------+--------+-----+--------+
         Total |   2420 |   2386 |     34 |      0 |   2030 |   4 |  605.0 |
       Dungeon |   2420 |   2386 |     34 |      0 |   2030 |   4 |  605.0 |
               +--------+--------+--------+--------+--------+-----+--------+

Top non-repeatable levels by time:
     D:2: 844 daAuts
     D:1: 777 daAuts
     D:3: 481 daAuts
     D:4: 316 daAuts
